 Dungeon Crawl Stone Soup version 0.25-a0-577-ga4619f409e (webtiles) character file.

Game seed: 9957083459724863291, levelgen mode: deterministic

2923 Flugslaktarn the Cleaver (level 9, -2/81 HPs)
             Began as a Deep Dwarf Fighter on Mar 2, 2020.
             Was a Believer of Makhleb.
             Slain by a yak (35 damage)
             ... on level 8 of the Dungeon.
             The game lasted 00:02:51 (3497 turns).

Flugslaktarn the Cleaver (Deep Dwarf Fighter)       Turns: 3497, Time: 00:02:52

Health: -2/81      AC: 11    Str: 23    XL:     9   Next: 50%
Magic:  12/12      EV:  6    Int:  9    God:    Makhleb [**....]
Gold:   58         SH:  0    Dex: 12    Spells: 8/8 levels left

rFire    . . .     SeeInvis .   a - +0 war axe
rCold    . . .     Gourm    .   c - +0 kite shield
rNeg     . . .     Faith    .   k - +0 chain mail
rPois    .         Spirit   .   (no helmet)
rElec    .         Reflect  .   h - +0 cloak
rCorr    .         Harm     .   (no gloves)
MR       +....                  (no boots)
Stlth    ..........             (no amulet)
HPRegen  0.00/turn              (no ring)
MPRegen  0.13/turn              (no ring)

@: sleeping, non-regenerating
A: damage resistance, heal wounds, sense surroundings 2, no regeneration
a: Heal Wounds, Minor Destruction, Renounce Religion


You were on level 8 of the Dungeon.
You worshipped Makhleb.
Makhleb was pleased with you.
You were hungry.

You visited 2 branches of the dungeon, and saw 9 of its levels.

You collected 184 gold pieces.
You spent 126 gold pieces at shops.

Inventory:

Hand Weapons
 a - a +0 war axe (weapon)
Missiles
 m - a throwing net (quivered)
Armour
 b - a +0 scale mail
 c - a +0 kite shield (worn)
 h - a +0 cloak (worn)
   (You found it on level 4 of the Dungeon)
 k - a +0 chain mail (worn)
   (You took it off an orc on level 4 of the Dungeon)
Jewellery
 n - the ring "Daesh" {+Inv rC++ Str-4 Dex+2 SInv}
   (You found it on level 4 of the Dungeon)

   [ring of see invisible]

   It affects your strength (-4).
   It affects your dexterity (+2).
   It greatly protects you from cold.
   It lets you see invisible.
   It lets you turn invisible.
 A - a +3 ring of strength {unknown}
   (You found it on level 8 of the Dungeon)
Scrolls
 i - a scroll of magic mapping {unknown}
 j - a scroll of enchant weapon
 o - 3 scrolls of immolation {unknown}
 r - a scroll of identify
 t - 6 scrolls of teleportation
 u - 2 scrolls of enchant armour
 v - a scroll of torment {unknown}
 x - 3 scrolls of remove curse
 y - a scroll of amnesia {unknown}
 z - 3 scrolls of blinking
Potions
 d - 2 potions of might
 f - 2 potions of haste {unknown}
 g - a potion of cancellation
 l - 2 potions of degeneration {unknown}
 p - a potion of resistance {unknown}
 q - 2 potions of curing
 w - 8 potions of heal wounds
Comestibles
 e - 6 rations
 s - 7 chunks of flesh


   Skills:
 + Level 5.5 Fighting
 * Level 8.7 Axes
 + Level 6.8 Armour
 + Level 6.7 Shields
 + Level 6.2 Invocations
 + Level 2.5 Evocations


You had 8 spell levels left.
You didn't know any spells.
Your spell library was empty.

Dungeon Overview and Level Annotations

Branches:
Dungeon (8/15)             Temple (1/1) D:4
   Lair: D:8-11

Altars:
Ashenzari
Cheibriados
Dithmenos
Elyvilon
Fedhas
Gozag
Hepliaklqana
Kikubaaqudgha
Makhleb
Nemelex Xobeh
Okawaru
Qazlal
Ru
Sif Muna
Uskayaw
Vehumet
Wu Jian
Xom
Yredelemnul
Zin
The Shining One

Shops:
D:5 ?   D:6 [


Innate Abilities, Weirdness & Mutations

You are resistant to damage.
You can heal yourself by infusing magical energy.
You passively map the area around you.
You do not regenerate.


Message History

You block the yak's attack.
You hit the yak but do no damage.
The yak is moderately wounded.
The yak gores you but does no damage. The yak gores you!
You slash the yak!
The yak is severely wounded.
You block the yak's attack.
You hit the yak.
The yak is almost dead.
The yak gores you.
You hit the yak but do no damage.
The yak is almost dead.
The dream sheep shake their wool and sparkle.
You feel drowsy...
You fall asleep.
The yak gores you but does no damage. The yak gores you.
The yak barely misses you. x2
The yak gores you. The yak gores you!!!
You die...

##....######.#...#
#.##...## #.###.#
#.. ###..###.#...#
#.#* ##.##....### .
#.....####### ,
**##.##.......###
,* ,...##.#####...#
* #....##.######..#
,**
..>...##.##.@†..##
,.########....#Y###
,, * *# #######K# *
%.#.....#K#
%.'....≈#Y#
..'%%P..#Y#
*..'..Y.≈..#
*..#.?..(###
+##P≈P.≈#


You could see a yak, 2 big kobolds and 2 dream sheep.

Vanquished Creatures
  Prince Ribbit (D:5)
  2 hippogriffs (D:8)
  A yak (D:8)
  An ice beast (D:7)
  3 sky beasts
  4 ogres
  4 centaurs
  A bullfrog (D:6)
  3 scorpions
  3 wights (D:6)
  3 crimson imps
  3 orc priests
  2 hounds
  A bullfrog zombie (D:5)
  A gnoll shaman (D:6)
  3 bullfrog skeletons
  A centaur skeleton (D:4)
  5 worker ants
  7 orc wizards
  4 gnolls
  2 adders
  A shadow imp (D:7)
  An ooze (D:6)
  An adder zombie (D:5)
  An adder skeleton (D:7)
  A worm (D:4)
  2 dart slugs
  6 leopard geckos
  25 orcs
  3 giant cockroaches
  A goblin (D:3)
  3 hobgoblins
  3 kobolds
  5 quokkas
  3 bats
  2 leopard gecko skeletons (D:6)
  4 rats
117 creatures vanquished.

Notes
Turn   | Place    | Note
-------+----------+-------------------------------------------
     0 | D:1      | Flugslaktarn the Deep Dwarf Fighter began the quest for the
                  | Orb.
     0 | D:1      | Reached XP level 1. HP: 20/20 MP: 1/1
    65 | D:1      | Reached XP level 2. HP: 24/27 MP: 2/2
   206 | D:2      | Reached skill level 3 in Axes
   222 | D:2      | Found a shattered altar of Ashenzari.
   248 | D:3      | Reached XP level 3. HP: 32/33 MP: 3/3
   485 | D:4      | Reached XP level 4. HP: 28/42 MP: 4/4
   532 | D:4      | Found a staircase to the Ecumenical Temple.
   558 | Temple   | Entered the Ecumenical Temple
   734 | Temple   | Became a worshipper of Makhleb the Destroyer
   813 | D:4      | Reached skill level 4 in Axes
   864 | D:4      | Found a shimmering altar of Xom.
   925 | D:4      | Reached XP level 5. HP: 49/49 MP: 5/5
   967 | D:4      | Found a basalt altar of Yredelemnul.
  1014 | D:4      | Got a sparkling brass ring
  1029 | D:4      | Reached skill level 1 in Invocations
  1170 | D:4      | Noticed an ogre
  1176 | D:4      | Killed an ogre
  1176 | D:4      | Reached XP level 6. HP: 45/56 MP: 5/7
  1214 | D:5      | Entered Level 5 of the Dungeon
  1237 | D:5      | Reached skill level 5 in Axes
  1394 | D:5      | Found a stormy altar of Qazlal.
  1552 | D:5      | Noticed Prince Ribbit
  1581 | D:5      | Killed Prince Ribbit
  1581 | D:5      | Reached XP level 7. HP: 46/64 MP: 7/9
  1630 | D:5      | Reached skill level 5 in Armour
  1630 | D:5      | Reached skill level 5 in Shields
  1662 | D:5      | Reached skill level 6 in Axes
  1751 | D:5      | Found Bosa's Magic Scroll Boutique.
  1754 | D:5      | Bought a scroll of enchant armour for 82 gold pieces
  1826 | D:5      | Found an ornate altar of the Wu Jian Council.
  1879 | D:5      | Bought a scroll of identify for 22 gold pieces
  1879 | D:5      | Bought a scroll of identify for 22 gold pieces
  1882 | D:5      | Identified the ring "Daesh" {+Inv rC++ Str-4 Dex+2 SInv}
                  | (You found it on level 4 of the Dungeon)
  2135 | D:6      | Reached XP level 8. HP: 48/73 MP: 9/11
  2267 | D:6      | Reached * piety under Makhleb
  2281 | D:6      | Reached skill level 7 in Axes
  2361 | D:6      | Found an opulent altar of Gozag.
  2469 | D:6      | Found a glowing silver altar of Zin.
  2471 | D:6      | Found a glowing golden altar of the Shining One.
  2522 | D:6      | Found Lehyco Masi's Antique Armour Shop.
  2726 | D:7      | Reached skill level 5 in Invocations
  2880 | D:7      | Reached skill level 5 in Fighting
  2909 | D:7      | Gained mutation: You passively map the area around you.
                  | [Deep Dwarf growth]
  2909 | D:7      | Reached XP level 9. HP: 41/81 MP: 12/12
  2995 | D:7      | Reached skill level 8 in Axes
  3119 | D:7      | Reached ** piety under Makhleb
  3132 | D:7      | Reached skill level 1 in Evocations
  3317 | D:8      | Found a hazy altar of Hepliaklqana.
  3497 | D:8      | Slain by a yak

Levels and vault maps discovered:
D:1:      wander_arrival_estate, layout_basic, serial_bayou_lagoon_a
D:2:      layout_rooms, overflow_temple_1_default,
          lemuel_coloured_pillars_altar, first_ration, uniq_natasha, uniq_robin
D:3:      cheibrodos_helix_gallery, layout_loops_corners
D:4:      layout_gridville, lemuel_round_altar, overflow_temple_1_default,
          minmay_temple_entry_statues, serial_park_tiny_2,
          palyth_stone_intersect
D:5:      layout_gridville, lemuel_doored_altar, marbit_many_paths,
          serial_shops, kennysheep_mini, uniq_prince_ribbit1
D:6:      layout_loops_ring, grunt_gozag_breadcrumbs,
          grunt_temple_overflow_open, serial_shops, shop
D:7:      layout_basic
D:8:      layout_rooms, lemuel_crystal_altar, serial_shops, shop,
          hangedman_ranch [blue_anna_fruit_fields]
Temple:   minmay_temple_bridge_abc

Skill      XL: |  1  2  3  4  5  6  7  8  9 |
---------------+----------------------------+-----
Axes           | 3 4 5 6 7 8 |  8.7
Fighting       | 3 4 5 |  5.5
Armour         | 4 5 6 |  6.8
Shields        | 4 5 6 |  6.7
Invocations    | 1 3 4 5 6 |  6.2
Evocations     | 2 |  2.5

Action                   |  1- 3 |  4- 6 |  7- 9 || total
-------------------------+-------+-------+-------++-------
Melee: War axe           |    91 |   110 |   337 ||   538
 Abil: Heal Wounds       |     1 |     6 |    16 ||    23
  Use: Scroll            |       |       |    10 ||    10
  Eat: Chunk             |       |     3 |     6 ||     9
Armor: Scale mail        |    55 |       |       ||    55
       Chain mail        |       |    56 |   197 ||   253
Dodge: Dodged            |    38 |    16 |    65 ||   119
Block: Kite shield       |    46 |    54 |   208 ||   308

Table legend:
 A = Non-vault XP
 B = Vault XP
 C = Vault XP percentage of total XP
 D = Non-vault monster count
 E = Vault monster count
 F = Vault count percentage of total count
                 A         B        C        D         E       F
            +---------+---------+-------+---------+---------+-------
      Total |    3674 |     502 |  12.0 |     114 |       3 |   2.6
            +---------+---------+-------+---------+---------+-------
        D:1 |      22 |       0 |   0.0 |       5 |       0 |   0.0
        D:2 |      18 |       0 |   0.0 |      10 |       0 |   0.0
        D:3 |      24 |       0 |   0.0 |      10 |       0 |   0.0
        D:4 |     338 |       0 |   0.0 |      12 |       0 |   0.0
        D:5 |     681 |     289 |  29.8 |      21 |       2 |   8.7
        D:6 |     632 |       0 |   0.0 |      16 |       0 |   0.0
        D:7 |    1347 |       0 |   0.0 |      35 |       0 |   0.0
        D:8 |     612 |     213 |  25.8 |       5 |       1 |  16.7
            +---------+---------+-------+---------+---------+-------
